 Dungeon Crawl Stone Soup version 0.31-a0-240-gb923e448b6 (webtiles) character file.

Game seed: 5605292080391395167

652 qw the Shooter (level 7, -2/59 HPs)
             Began as a Minotaur Hexslinger on July 12, 2023.
             Killed from afar by an electric eel (7 damage)
             ... with a bolt of electricity
             ... on level 6 of the Dungeon.
             The game lasted 00:02:06 (5229 turns).

qw the Shooter (Minotaur Hexslinger)                Turns: 5229, Time: 00:02:07

Health: -2/59      AC:  8    Str: 13    XL:     7   Next: 28%
Magic:  7/7        EV: 11    Int: 10    God:
Gold:   207        SH:  0    Dex: 14    Spells: 7/8 levels left

rFire   . . .        Y - +1 sling (freeze)
rCold   . . .        (no shield)
rNeg    . . .        k - +0 ring mail
rPois   .            (helmet restricted)
rElec   .            d - +1 cloak
rCorr   .            (no gloves)
SInv    .            e - +0 pair of boots
Will    .....        f - amulet of the acrobat
Stlth   +            (no ring)
HPRegen 0.29/turn    (no ring)
MPRegen 0.10/turn

%: acrobat
@: about to teleport
A: horns 2, retaliatory headbutt
a: no special abilities


You were on level 6 of the Dungeon.
You visited 2 branches of the dungeon, and saw 7 of its levels.

You collected 207 gold pieces.


Innate Abilities, Weirdness & Mutations

You have a pair of horns on your head.
You reflexively headbutt those who attack you in melee.


   Skills:
 - Level 4.1 Fighting
 + Level 7.9 Ranged Weapons
 - Level 2.0 Armour
 - Level 2.1 Dodging
 - Level 1.0 Spellcasting
 - Level 2.0 Hexes


You had 7 spell levels left.
You knew the following spells:

 Your Spells              Type           Power      Damage    Failure   Level
a - Slow                  Hex            16%        N/A       32%         1

Your spell library contained the following spells:

 Spells                   Type           Power      Damage    Failure   Level
 Inner Flame              Hex/Fire       2%         N/A       82%         3
 Portal Projectile        Hex/Tloc       4%         N/A       82%         3
 Cause Fear               Hex            2%         N/A       97%         4

Inventory:

Hand Weapons
 Y - a +1 sling of freezing (weapon)
Armour
 d - a +1 cloak (worn)
 e - a +0 pair of boots (worn)
 k - a +0 ring mail (worn)
Jewellery
 f - an amulet of the acrobat (around neck)
 l - a ring of fire
Scrolls
 c - a scroll of teleportation
 j - a scroll of identify
Potions
 a - a potion of mutation
 b - a potion of brilliance {unknown}
 g - a potion of resistance {unknown}
 h - a potion of enlightenment {unknown}
 i - a potion of cancellation {unknown}

Dungeon Overview and Level Annotations

Branches:
Dungeon (6/15)             Temple (1/1) D:5

Altars:
Ashenzari
Cheibriados
Elyvilon
Gozag
Hepliaklqana
Kikubaaqudgha
Makhleb
Nemelex Xobeh
Qazlal
Ru
Sif Muna
Trog
Uskayaw
Vehumet
Wu Jian
Xom
The Shining One

Shops:
D:2 [?:[!   D:4 :   D:5 :

Annotations:
D:6 exclusion: 2 electric eels


Message History

You hear a distant slurping noise.
You shoot a sling bullet.
The sling bullet barely misses the electric eel.
You shoot a sling bullet.
The sling bullet closely misses the electric eel.
The electric eel is no longer moving slowly.
The electric eel shoots out a bolt of lightning at you!
The bolt of electricity hits you!
You shoot a sling bullet.
The sling bullet misses the electric eel.
You shoot a sling bullet.
The sling bullet hits the electric eel but does no damage.
The electric eel is severely wounded.
You shoot a sling bullet.
The sling bullet misses the electric eel.
You shoot a sling bullet.
The sling bullet completely misses the electric eel.
You shoot a sling bullet.
The sling bullet misses the electric eel.
The electric eel shoots out a bolt of lightning at you!
The bolt of electricity hits you!
The electric eel shoots out a bolt of lightning at you!
The bolt of electricity hits you!
5225 ||| READING 3 scrolls of teleportation.
As you read the scroll of teleportation, it crumbles to dust.
You feel strangely unstable.
The electric eel shoots out a bolt of lightning at you!
The bolt of electricity misses you.
You start resting.
Your surroundings suddenly seem different.
An electric eel comes into view.
Found a ring mail and a pair of gloves.
Found a burning altar of Makhleb.
The electric eel shoots out a bolt of lightning at you!
The bolt of electricity hits you!
5229 ||| READING 2 scrolls of teleportation.
As you read the scroll of teleportation, it crumbles to dust.
You feel strangely unstable.
The electric eel shoots out a bolt of lightning at you!
The bolt of electricity hits you!
You die...

8.... . .PP. ..
.... #####. ...
..# ...... # ..
... .~~~~~
#..#.##[#####..
~~...~
...............
~.....
~~~..._@....#
..~~~.
..~~~...~~~.#
.~~~~~
....~~~~~~..#
~~...~
~~...~~~....#
..._..
~S~~......~.#
..~~~...~~~.#
#...~~~~~...#
###....[.....


You could see an electric eel.

Vanquished Creatures
  A sky beast (D:5)
  A black bear (D:5)
  2 scorpions (D:5)
  A sleepcap (D:4)
  2 iguanas
  2 orc wizards (D:5)
  5 adders
  7 gnolls
  2 ufetubi (D:5)
  2 worms (D:5)
  3 dart slugs
  9 orcs
  3 endoplasms (D:1)
  8 goblins
  5 hobgoblins
  11 jackals
  11 kobolds
  2 quokkas
  7 ball pythons
  6 bats
  7 frilled lizards
  5 rats
102 creatures vanquished.

Notes
Turn   | Place    | Note
-------+----------+-------------------------------------------
     0 | D:1      | qw the Minotaur Hexslinger began the quest for the Orb.
     0 | D:1      | Reached XP level 1. HP: 16/16 MP: 1/1
     0 | D:1      | 0 ||| qw: Version: 0.3-a-52-g30416fa
     0 | D:1      | 0 ||| qw: Game counter: 6145
     0 | D:1      | 0 ||| qw: Melee chars always use a shield: true
     0 | D:1      | 0 ||| qw: God list: Okawaru
     0 | D:1      | 0 ||| qw: Allow faded altars: false
     0 | D:1      | 0 ||| qw: Do Orc after clearing Dungeon:15 true
     0 | D:1      | 0 ||| qw: Do second Lair branch before Depths: true
     0 | D:1      | 0 ||| qw: Lair rune preference: random
     0 | D:1      | 0 ||| qw: Goals: Normal
     0 | D:1      | 0 ||| PLANNING D:1-11
    26 | D:1      | Found a faded altar of an unknown god.
   167 | D:1      | Reached skill level 3 in Ranged Weapons
   178 | D:1      | Reached XP level 2. HP: 23/23 MP: 2/2
   265 | D:1      | 265 ||| FLEEEEING.
   266 | D:1      | 266 ||| FLEEEEING.
   267 | D:1      | 267 ||| FLEEEEING.
   268 | D:1      | 268 ||| FLEEEEING.
   269 | D:1      | 269 ||| FLEEEEING.
   270 | D:1      | 270 ||| FLEEEEING.
   271 | D:1      | 271 ||| FLEEEEING.
   272 | D:1      | 272 ||| FLEEEEING.
   696 | D:1      | 696 ||| UPGRADING to +0 ring mail.
   706 | D:1      | 706 ||| DROPPING +0 robe.
   707 | D:1      | 707 ||| READING scroll labelled EMPISI BOKAQIO.
   708 | D:1      | 708 ||| READING scroll labelled WOS RUKYTI.
   709 | D:1      | 709 ||| READING scroll labelled VABUTHR EREG.
   710 | D:1      | 710 ||| READING scroll labelled VEUW MAVAGRE.
   711 | D:1      | 711 ||| READING scroll labelled HUKLAIV ECKI.
   712 | D:1      | 712 ||| READING scroll labelled ORIOFFI YTIEMU.
   713 | D:1      | 713 ||| DRINKING 2 clear potions.
   714 | D:1      | 714 ||| DROPPING scroll of poison.
   757 | D:2      | Reached XP level 3. HP: 29/29 MP: 3/3
   903 | D:2      | Found Xutidd's Distillery.
   914 | D:2      | 914 ||| SHOPLISTING potion of curing (33 gold, have 26).
   914 | D:2      | 914 ||| SHOPLISTING potion of heal wounds (55 gold, have
                  | 26).
   914 | D:2      | 914 ||| SHOPLISTING potion of mutation (88 gold, have 26).
   964 | D:2      | Found Suuxoece's Antique Armour Shoppe.
   971 | D:2      | 971 ||| SHOPLISTING glowing ring mail (133 gold, have 48).
   971 | D:2      | 971 ||| SHOPLISTING runed cloak (142 gold, have 48).
   971 | D:2      | 971 ||| SHOPLISTING runed leather armour (95 gold, have
                  | 48).
   971 | D:2      | 971 ||| SHOPLISTING tattered robe (108 gold, have 48).
  1036 | D:2      | Found Sikodem's Armour Boutique.
  1041 | D:2      | 1041 ||| SHOPLISTING +0 pair of boots (54 gold, have 48).
  1041 | D:2      | 1041 ||| SHOPLISTING +3 leather armour of poison resistance
                  | (252 gold, have 48).
  1056 | D:2      | Found Vuinaiph's Book Boutique.
  1056 | D:2      | Found Hostru Gethra's Magic Scroll Shoppe.
  1064 | D:2      | 1064 ||| SHOPLISTING scroll of brand weapon (133 gold, have
                  | 48).
  1064 | D:2      | 1064 ||| SHOPLISTING scroll of enchant armour (105 gold,
                  | have 48).
  1180 | D:2      | Reached skill level 4 in Ranged Weapons
  1255 | D:2      | 1255 ||| UPGRADING to +0 cloak.
  1260 | D:2      | 1260 ||| READING scroll labelled QULECUAFOS.
  1261 | D:2      | 1261 ||| READING 2 scrolls labelled HAOCEXEITY.
  1264 | D:2      | 1264 ||| READING scroll labelled SAMMUXENAFF.
  1265 | D:2      | 1265 ||| DRINKING 3 bubbling yellow potions.
  1266 | D:2      | 1266 ||| DROPPING 2 potions of attraction.
  1322 | D:3      | Reached skill level 1 in Armour
  1441 | D:3      | 1441 ||| READING scroll of enchant armour.
  1441 | D:3      | 1441 ||| ENCHANTING +0 cloak.
  1565 | D:3      | Reached XP level 4. HP: 36/36 MP: 4/4
  2104 | D:3      | 2104 ||| UPGRADING to +0 pair of boots.
  2109 | D:3      | 2109 ||| DRINKING 2 fuming puce potions.
  2144 | D:3      | 2144 ||| DROPPING potion of lignification.
  2231 | D:4      | Found Cithroth's Self-Improvement Boutique.
  2260 | D:4      | Reached skill level 5 in Ranged Weapons
  2359 | D:4      | 2359 ||| STAIRDANCE
  2377 | D:3      | 2377 ||| DRINKING 2 purple potions.
  2427 | D:4      | Reached skill level 3 in Fighting
  2427 | D:4      | Reached XP level 5. HP: 23/45 MP: 5/5
  2470 | D:4      | 2470 ||| FLEEEEING.
  2471 | D:4      | 2471 ||| FLEEEEING.
  2873 | D:5      | Entered Level 5 of the Dungeon
  2936 | D:5      | 2936 ||| DRINKING potion of curing.
  2936 | D:5      | 2936 ||| (to cure confusion)
  2945 | D:5      | 2945 ||| FLEEEEING.
  2946 | D:5      | 2946 ||| FLEEEEING.
  2947 | D:5      | 2947 ||| FLEEEEING.
  2948 | D:5      | 2948 ||| FLEEEEING.
  2949 | D:5      | 2949 ||| FLEEEEING.
  2950 | D:5      | 2950 ||| FLEEEEING.
  2951 | D:5      | 2951 ||| FLEEEEING.
  2952 | D:5      | 2952 ||| FLEEEEING.
  2955 | D:5      | 2955 ||| FLEEEEING.
  2956 | D:5      | 2956 ||| FLEEEEING.
  2957 | D:5      | 2957 ||| FLEEEEING.
  2958 | D:5      | 2958 ||| FLEEEEING.
  2960 | D:5      | 2960 ||| FLEEEEING.
  2962 | D:5      | 2962 ||| FLEEEEING.
  2963 | D:5      | 2963 ||| FLEEEEING.
  3000 | D:5      | 3000 ||| FLEEEEING.
  3001 | D:5      | 3001 ||| FLEEEEING.
  3002 | D:5      | 3002 ||| STAIRDANCE
  3043 | D:5      | 3043 ||| STAIRDANCE
  3046 | D:4      | Reached skill level 6 in Ranged Weapons
  3097 | D:5      | Reached XP level 6. HP: 52/52 MP: 6/6
  3235 | D:5      | Found Ylluemept's Tiny Tomes.
  3341 | D:5      | Noticed a sky beast
  3358 | D:5      | HP: 12/52 [something (6)]
  3361 | D:5      | 3361 ||| READING 4 scrolls of teleportation.
  3362 | D:5      | 3362 ||| DRINKING potion of heal wounds.
  3362 | D:5      | Killed a sky beast
  3494 | D:5      | Reached skill level 7 in Ranged Weapons
  3655 | D:5      | Reached XP level 7. HP: 59/59 MP: 7/7
  3777 | D:5      | Found a staircase to the Ecumenical Temple.
  3778 | D:5      | 3778 ||| PLANNING TEMPLE
  3778 | D:5      | 3778 ||| UPGRADING to amulet of the acrobat.
  3783 | D:5      | 3783 ||| READING 2 scrolls of identify.
  3783 | D:5      | 3783 ||| IDENTIFYING bubbling brown potion
  3788 | Temple   | Entered the Ecumenical Temple
  3869 | Temple   | 3869 ||| PLANNING D:1-11
  4276 | D:6      | Found an opulent altar of Gozag.
  4277 | D:6      | 4277 ||| PLANNING OSSUARY
  4282 | D:6      | 4282 ||| STAIRDANCE
  4312 | D:6      | 4312 ||| STAIRDANCE
  4352 | D:6      | 4352 ||| STAIRDANCE
  4415 | D:6      | 4415 ||| STAIRDANCE
  4458 | D:6      | 4458 ||| STAIRDANCE
  4507 | D:6      | 4507 ||| STAIRDANCE
  4533 | D:6      | 4533 ||| STAIRDANCE
  4580 | D:6      | 4580 ||| STAIRDANCE
  4631 | D:6      | 4631 ||| STAIRDANCE
  4698 | D:6      | 4698 ||| STAIRDANCE
  4780 | D:6      | 4780 ||| STAIRDANCE
  4831 | D:6      | 4831 ||| STAIRDANCE
  4861 | D:6      | 4861 ||| STAIRDANCE
  4909 | D:6      | 4909 ||| STAIRDANCE
  4954 | D:6      | 4954 ||| RIP OSSUARY
  4955 | D:6      | 4955 ||| PLANNING D:1-11
  4956 | D:6      | 4956 ||| STAIRDANCE
  4997 | D:6      | 4997 ||| STAIRDANCE
  5036 | D:6      | 5036 ||| STAIRDANCE
  5061 | D:6      | 5061 ||| STAIRDANCE
  5097 | D:6      | 5097 ||| STAIRDANCE
  5178 | D:6      | 5178 ||| STAIRDANCE
  5224 | D:6      | HP: 12/59 [electric eel/bolt of electricity (11)]
  5225 | D:6      | 5225 ||| READING 3 scrolls of teleportation.
  5228 | D:6      | Found a burning altar of Makhleb.
  5228 | D:6      | HP: 5/59 [electric eel/bolt of electricity (8)]
  5229 | D:6      | 5229 ||| READING 2 scrolls of teleportation.
  5229 | D:6      | Killed from afar by an electric eel

Levels and vault maps discovered:
D:1:      wander_arrival_chamber, layout_loops_cross,
          ebering_ecumenical_altar_sacrificial
D:2:      layout_basic, serial_shops, nicolae_shop_rolling_square,
          nicolae_shop_industrial_runoff, nicolae_square_shop,
          nicolae_shop_stone, shop, chequers_mini_garden
D:3:      layout_basic
D:4:      layout_basic, nicolae_shop_self_help
D:5:      layout_basic, temple_doors_e, nicolae_shop_i_like_small_books_too
D:6:      layout_basic, mainiacjoe_overflow_24_doors, okawaru_gym_becter,
          mainiacjoe_overflow_catch_the_wave, serial_shops,
          kennysheep_mini_moat, nicolae_ossuary_entry_catacombs,
          dreamdust_mushroom_princess
Temple:   regret_index_temple_waves

Skill      XL: |  1  2  3  4  5  6 |
---------------+-------------------+-----
Ranged Weapons | 3 4 5 6 7 |  7.9
Fighting       | 2 3 4 |  4.1
Armour         | 1 2 |  2.0
Dodging        | |  2.1
Spellcasting   | |  1.0
Hexes          | |  2.0

Action                     |  1- 3 |  4- 6 |  7- 9 || total
---------------------------+-------+-------+-------++-------
   Fire: Sling             |   101 |   223 |    42 ||   366
    Use: Scroll            |    10 |     1 |     3 ||    14
         Potion            |     2 |     4 |       ||     6
 Armour: Robe              |     3 |       |       ||     3
         Ring mail         |    10 |    59 |     5 ||    74
  Dodge: Dodged            |    12 |    63 |    13 ||    88

Table legend:
 A = Non-vault XP
 B = Vault XP
 C = Vault XP percentage of total XP
 D = Non-vault monster count
 E = Vault monster count
 F = Vault count percentage of total count
                 A         B        C        D         E       F
            +---------+---------+-------+---------+---------+-------
      Total |     932 |       0 |   0.0 |     102 |       0 |   0.0
            +---------+---------+-------+---------+---------+-------
        D:1 |      40 |       0 |   0.0 |      26 |       0 |   0.0
        D:2 |      22 |       0 |   0.0 |       7 |       0 |   0.0
        D:3 |      65 |       0 |   0.0 |      22 |       0 |   0.0
        D:4 |     157 |       0 |   0.0 |      21 |       0 |   0.0
        D:5 |     648 |       0 |   0.0 |      26 |       0 |   0.0
            +---------+---------+-------+---------+---------+-------
